 Dungeon Crawl Stone Soup version 0.30.1-4-g462c640d31 (webtiles) character file.

Game seed: 10484035677324269769

392 spardeous the Conjurer (level 6, -1/45 HPs)
             Began as a Demigod Conjurer on Aug 18, 2023.
             Slain by a wraith (6 damage)
             ... in an ossuary.
             The game lasted 00:04:41 (3226 turns).

spardeous the Conjurer (Demigod Conjurer)           Turns: 3226, Time: 00:04:42

Health: -1/45      AC:  5    Str: 16    XL:     6   Next: 25%
Magic:  6/11       EV: 11    Int: 20    God:
Gold:   280        SH:  0    Dex: 12    Spells: 1/8 levels left

rFire   + . .        y - +0 war axe
rCold   + . .        (no shield)
rNeg    . . .        l - +1 leather armour {rF+}
rPois   .            x - +0 helmet
rElec   .            (no cloak)
rCorr   .            (no gloves)
SInv    .            (no boots)
Will    .....        u - amulet of magic regeneration
Stlth   ++           w - ring of protection from cold
HPRegen 0.27/turn    (no ring)
MPRegen 0.52/turn

%: no passive effects
@: flying, slowed, very slow
A: high MP 1, forlorn, divine attributes
a: no special abilities


You were in an ossuary.
You visited 1 branch of the dungeon, and saw 4 of its levels.
You also visited: Ossuary.

You collected 280 gold pieces.

Inventory:

Hand Weapons
 k - a +0 club
 y - a +0 war axe (weapon)
Armour
 a - a +0 robe
 l - a +1 leather armour of fire resistance (worn)
 q - the +0 leather armour of Woletil {+Blink rC+ Will+}
   (You found it on level 2 of the Dungeon)

   rC:        It protects you from cold.
   +Blink:    It lets you blink.
   Will:      It increases your willpower.
 r - the +0 ring mail of Baldness {Will++ Str-4 SInv}
   (You found it on level 2 of the Dungeon)

   Str:       It affects your strength (-4).
   SInv:      It lets you see invisible.
   Will:      It greatly increases your willpower.
 x - a +0 helmet (worn)
Jewellery
 u - an amulet of magic regeneration (around neck)
 w - a ring of protection from cold (left hand)
 B - a ring of protection from fire
Scrolls
 d - a scroll of magic mapping {unknown}
 h - 7 scrolls of identify {unknown}
 i - a scroll of enchant armour {unknown}
 m - a scroll of amnesia {unknown}
 n - a scroll of immolation {unknown}
 p - a scroll of enchant weapon {unknown}
 s - a scroll of poison {unknown}
 t - a scroll of teleportation {unknown}
 A - a scroll of blinking {unknown}
 C - a scroll of brand weapon {unknown}
Potions
 b - a potion of magic
 c - 2 potions of heal wounds {unknown}
 e - 3 potions of flight
 f - a potion of haste {unknown}
 g - 5 potions of curing {unknown}
 j - a potion of lignification {unknown}
 o - a potion of ambrosia {unknown}
 v - 2 potions of might {unknown}
 z - a potion of attraction {unknown}


   Skills:
 - Level 1.7 Dodging
 - Level 1.7 Stealth
 - Level 1.7 Spellcasting
 - Level 6.4 Conjurations
 + Level 3.0 Translocations


You had one spell level left.
You knew the following spells:

 Your Spells              Type           Power      Damage    Failure   Level
a - Magic Dart            Conj           100%       1d8       1%          1
b - Searing Ray           Conj           54%        2d6       2%          2
c - Iskenderun's Mystic   Conj/Tloc      20%        2d6       28%         4

Your spell library contained the following spells:

 Spells                   Type           Power      Damage    Failure   Level
 Kiss of Death            Conj/Necr      56%        2d9       5%          1
 Dazzling Flash           Conj/Hex       28%        N/A       16%         3
 Volatile Blastmotes      Fire/Tloc      14%        2d11      32%         3
 Fulminant Prism          Conj/Hex       7%         3d7       47%         4
 Passage of Golubria      Tloc           13%        N/A       50%         4
 Confusing Touch          Hex            1%         N/A       52%         3
 Dispel Undead            Necr           1%         3d6       89%         4
 Silence                  Hex/Air        0%         N/A       99%         5
 Starburst                Conj/Fire      7%         6d4       100%        6
 Lehudib's Crystal Spear  Conj/Erth      7%         10d3      100%        8


Dungeon Overview and Level Annotations

Branches:
Dungeon (4/15)            Ossuary (1/1)
 Temple: D:4-7

Shops:
D:1 [   D:3 =

Annotations:
D:2 Terence


Innate Abilities, Weirdness & Mutations

You have an increased reservoir of magic. (+10% MP)
You shall have no god before yourself.
Your divine heritage dramatically boosts your attributes as you level up.


Message History

The wraith hits you.
* * * LOW HITPOINT WARNING * * *
You take 3 damage, and have 19/45 hp.
You now have 7/11 mp.
Unknown command.
Casting: Searing Ray (safe; 2% risk of failure)
Confirm with . or Enter, or press ? or * to list all spells.
Aiming: Searing Ray (safe; 2% risk of failure)
Press: ? - help, Shift-Dir - straight line, f/p - wraith
Aim: a wraith (almost destroyed, 79% to hit)
The searing ray hits the wraith but does no damage.
The wraith is almost destroyed. (Press . to maintain the ray.)
The wraith hits you.
* * * LOW HITPOINT WARNING * * *
The wraith drains your vigour!
You feel as though you will be slow longer.
The wraith hits you!
* * * LOW HITPOINT WARNING * * *
You take 8 damage, and have 11/45 hp.
You now have 6/11 mp.
The searing ray hits the wraith.
The wraith is almost destroyed.
The wraith hits you!
* * * LOW HITPOINT WARNING * * *
The wraith drains your vigour!
You feel as though you will be slow longer.
You take 6 damage, and have 5/45 hp.
The searing ray hits the wraith.
The wraith is almost destroyed.
The wraith barely misses you. The wraith hits you.
* * * LOW HITPOINT WARNING * * *
You take 1 damage, and have 4/45 hp.
Unknown command.
The searing ray hits the wraith but does no damage.
The wraith is almost destroyed.
You finish channelling your searing ray.
The wraith barely misses you.
It was a potion of flight.
You feel very buoyant.
You fly up into the air.
The wraith hits you.
You die...

###############
...............
...............
#####'#####
##.........##
##...#####...##
##...##...##...##
#...##.!??.##...#
+...@W?.???.#...+
#...##..?..##...#
##...##...##...##
##...#####...## .
##.........##...
..#####'#####....
.................
.................
######'''########


You could see a wraith.

Vanquished Creatures
  An ogre (D:4)
  A centaur (D:3)
  2 hounds
  2 iguanas
  A mummy (Ossuary)
  An adder (D:3)
  An ufetubus (D:4)
  A worm (D:2)
  2 dart slugs (D:2)
  7 orcs
  6 ball pythons
  6 endoplasms
  5 giant cockroaches
  7 goblins
  4 hobgoblins
  4 jackals (D:1)
  7 kobolds
  3 quokkas
  4 bats
  5 frilled lizards
  3 gnoll skeletons (Ossuary)
  3 kobold skeletons (Ossuary)
  3 orc skeletons (Ossuary)
  3 rats (D:1)
82 creatures vanquished.

Notes
Turn   | Place    | Note
-------+----------+-------------------------------------------
     0 | D:1      | spardeous the Demigod Conjurer began the quest for the Orb.
     0 | D:1      | Reached XP level 1. HP: 14/14 MP: 5/5
   369 | D:1      | Reached skill level 4 in Conjurations
   391 | D:1      | Found Pimoag's Armour Emporium.
   560 | D:1      | Reached XP level 2. HP: 20/20 MP: 2/7
  1159 | D:2      | Learned a level 2 spell: Searing Ray
  1209 | D:2      | Identified the +0 leather armour of Woletil {+Blink rC+
                  | Will+}
  1216 | D:2      | Identified the +0 ring mail of Baldness {Will++ Str-4 SInv}
  1286 | D:2      | Reached XP level 3. HP: 26/26 MP: 4/8
  1653 | D:2      | Reached skill level 5 in Conjurations
  1909 | D:2      | Noticed Terence
  2123 | D:3      | Found Poenapro's Jewellery Boutique.
  2456 | D:3      | Reached XP level 4. HP: 30/33 MP: 6/9
  2490 | D:3      | Noticed a centaur
  2501 | D:3      | Killed a centaur
  2502 | D:3      | Reached skill level 6 in Conjurations
  2502 | D:3      | Reached XP level 5. HP: 25/38 MP: 3/10
  2775 | D:3      | Learned a level 4 spell: Iskenderun's Mystic Blast
  2830 | D:4      | Reached skill level 1 in Translocations
  2899 | D:4      | Noticed an ogre
  2908 | D:4      | Killed an ogre
  2909 | D:4      | Reached XP level 6. HP: 45/45 MP: 7/11
  3011 | D:4      | Found a sand-covered staircase.
  3017 | Ossuary  | Entered an ossuary
  3017 | Ossuary  | Noticed a wraith
  3017 | Ossuary  | Noticed a wraith
  3017 | Ossuary  | Noticed a wraith
  3194 | Ossuary  | Noticed a wraith
  3226 | Ossuary  | Slain by a wraith

Illustrated notes

Levels and vault maps discovered:
D:1:      dpeg_arrival_arbitrary_c, layout_basic, serial_shops,
          nicolae_shop_stone
D:2:      layout_rooms, uniq_terence
D:3:      layout_basic, mainiacjoe_overflow_chevrons, serial_shops,
          shop_fountains, minmay_divided_ellipse
D:4:      layout_rooms, mainiacjoe_overflow_brackets, enter_ossuary_3
Ossuary:  ossuary_due_mausoleum

Skill      XL: |  1  2  3  4  5  6 |
---------------+-------------------+-----
Conjurations   | 4 5 6 |  6.4
Translocations | 2 3 |  3.0
Dodging        | |  1.7
Stealth        | |  1.7
Spellcasting   | |  1.7

Action                     |  1- 3 |  4- 6 || total
---------------------------+-------+-------++-------
  Melee: Club              |     4 |       ||     4
         Unarmed           |     1 |       ||     1
   Cast: Magic Dart        |   105 |    46 ||   151
         Searing Ray       |     2 |    11 ||    13
    Use: Potion            |       |     1 ||     1
 Armour: Robe              |     7 |       ||     7
         Leather armour    |     3 |     7 ||    10
  Dodge: Dodged            |    34 |    13 ||    47
